 Dungeon Crawl Stone Soup version 0.30-a0-743-gbfdf073431 (webtiles) character file.

Game seed: 8511687501119339051

1547960 jt the Slayer (level 27, 275/275 HPs)
             Began as an Ogre Reaver on Feb 7, 2023.
             Was the Champion of Qazlal.
             Escaped with the Orb
             ... and 3 runes on Feb 9, 2023!
             The game lasted 04:54:52 (86234 turns).

jt the Slayer (Ogre Reaver)                        Turns: 86234, Time: 04:54:53

Health: 275/275    AC: 38    Str: 34    XL:     27
Magic:  32/47      EV:  7    Int: 20    God:    Qazlal [******]
Gold:   1895       SH: 41    Dex: 13    Spells: 38/67 levels left

rFire   + + .      SeeInvis +    a - +8 trishula "Condemnation" {holy, anguish, *Noise Fly rN+}
rCold   + + .      Faith    .    H - +18 shield of the Gong {Loud rElec rN+ Will+ EV-5}
rNeg    + + +      Spirit   .    q - +11 gold dragon scales
rPois   +          Reflect  .    y - +1 hat of Jusopn {Dex+3 SInv}
rElec   +          Harm     .    e - +1 cloak of Starlight {*Dazzle EV+4 Stlth--}
rCorr   +          Rampage  .    (gloves unavailable)
Will    +++++                    (boots unavailable) Stlth
                                 r - macabre finger necklace {Finger+ rN+}
HPRegen 0.65/turn                f - ring "Atame" {rElec rF+ Will+++ Str+6 Int-5}
MPRegen 0.30/turn                u - ring of Intercession {rC+ rCorr Dex+3}
                                 G - ring of the Stag {Wiz Str+2 Int+3}

@: flying, studying Throwing, repel missiles
A: large, unfitting armour, tough skin 1, iridescent scales 1, frail 1,
screaming 1, subdued magic 1, MP-powered wands
0: Orb of Zot
}: 3/15 runes: decaying, serpentine, silver
a: Renounce Religion, Upheaval, Elemental Force, Disaster Area


You escaped.
You worshipped Qazlal.
Qazlal was exalted by your worship.
You visited 11 branches of the dungeon, and saw 51 of its levels.
You visited 1 bazaar.
You also visited: Trove, Bailey, Gauntlet and Wizlab.

You collected 8743 gold pieces.
You spent 6848 gold pieces at shops.

Inventory:

Hand Weapons
 a - the +8 trishula "Condemnation" (weapon) {holy, anguish, *Noise Fly rN+}
   (You found it in a Gauntlet)

   rN:        It protects you from negative energy.
   Fly:       It grants you flight.
   *Noise:    It may make noises in combat.
Missiles
 b - 6 javelins (quivered)
 v - 11 silver javelins
 z - 2 curare-tipped darts
 M - 115 large rocks
 P - 7 throwing nets
Armour
 e - the +1 cloak of Starlight (worn) {*Dazzle EV+4 Stlth--}
   (You acquired it on level 5 of the Dungeon)

   *Dazzle:   It may blind those who miss an attack against the wearer in melee
   combat.
   EV:        It affects your evasion (+4).
   Stlth:     It makes you much less stealthy.
 q - +11 gold dragon scales (worn)
 y - the +1 hat of Jusopn (worn) {Dex+3 SInv}
   (You found it in a treasure trove)

   Dex:       It affects your dexterity (+3).
   SInv:      It lets you see invisible.
 C - the +4 dragonskin cloak
   (You took it off Tiamat on level 3 of the Realm of Zot)

   Avatar's Aegis: It grants the wearer a chance to resist fire, cold, poison,
   electricity, acid, and negative energy.
 H - the +18 shield of the Gong (worn) {Loud rElec rN+ Will+ EV-5}
   (You bought it in a shop on level 1 of the Vaults)

   Loud:      It is deafeningly noisy when blocking attacks.
   EV:        It affects your evasion (-5).
   rElec:     It insulates you from electricity.
   rN:        It protects you from negative energy.
   Will:      It increases your willpower.
Jewellery
 f - the ring "Atame" (left hand) {rElec rF+ Will+++ Str+6 Int-5}
   (You found it in a Gauntlet)

   [ring of strength]

   Str:       It affects your strength (+6).
   Int:       It affects your intelligence (-5).
   rF:        It protects you from fire.
   rElec:     It insulates you from electricity.
   Will:      It greatly increases your willpower.
 k - the ring "Ruickom" {rElec rPois rF- MP+9 Str+8}
   (You found it in a treasure trove)

   [ring of magical power]

   Str:       It affects your strength (+8).
   rF:        It makes you vulnerable to fire.
   rElec:     It insulates you from electricity.
   rPois:     It protects you from poison.
   MP:        It affects your magic capacity (+9).
 r - the macabre finger necklace (around neck) {Finger+ rN+}
   (You bought it in a shop in a bazaar)

   [amulet of nothing]

   Finger+:   It enables you to equip an extra ring.
   rN:        It protects you from negative energy.
 t - a ring of see invisible
 u - the ring of Intercession (right hand) {rC+ rCorr Dex+3}
   (You bought it in a shop in a bazaar)

   [ring of protection from cold]

   Dex:       It affects your dexterity (+3).
   rC:        It protects you from cold.
   rCorr:     It protects you from acid and corrosion.
 G - the ring of the Stag (on amulet) {Wiz Str+2 Int+3}
   (You acquired it on level 1 of the Lair of Beasts)

   [ring of wizardry]

   It improves your spell success rate.
   Str:       It affects your strength (+2).
   Int:       It affects your intelligence (+3).
Wands
 g - a wand of polymorph (23)
 x - a wand of flame (60)
 A - a wand of digging (23)
 D - a wand of charming (50)
 S - a wand of light (42)
 Y - a wand of iceblast (15)
Scrolls
 c - a scroll of butterflies
 h - 9 scrolls of fog
 j - 7 scrolls of blinking
 l - 11 scrolls of immolation
 n - 8 scrolls of magic mapping
 w - 12 scrolls of poison
 B - 4 scrolls of silence
 E - 14 scrolls of vulnerability
 I - 9 scrolls of torment
 Q - 8 scrolls of fear
 R - 21 scrolls of teleportation
Potions
 d - 3 potions of might
 i - a potion of mutation
 p - 3 potions of resistance
 F - 6 potions of ambrosia
 J - 5 potions of berserk rage
 K - 2 potions of cancellation
 L - 12 potions of heal wounds
 N - 8 potions of brilliance
 O - 6 potions of invisibility
 V - 16 potions of curing
 W - a potion of haste
 Z - 4 potions of magic
Miscellaneous
 m - a tin of tremorstones (2/2)
 o - a phantom mirror
 s - a condenser vane
 T - a phial of floods


   Skills:
 - Level 23.5 Fighting
 - Level 14.0 Polearms
 + Level 10.3 Throwing
 + Level 15.9 Armour
 + Level 9.8 Dodging
 - Level 2.0 Stealth
 + Level 21.3 Shields
 + Level 20.5 Spellcasting
 + Level 9.7 Conjurations
 + Level 16.7 Translocations
 + Level 10.2 Transmutations
 - Level 4.0 Air Magic
 + Level 21.5 Invocations
 - Level 2.0 Evocations


You had 38 spell levels left.
You knew the following spells:

 Your Spells              Type           Power      Damage    Failure   Level
a - Vhi's Electric Charg  Tloc/Air       94%        N/A       1%          3
b - Momentum Strike       Conj/Tloc      100%       3d10      1%          2
c - Blink                 Tloc           100%       N/A       0%          2
d - Wereblood             Tmut           47%        N/A       1%          2
e - Manifold Assault      Tloc           61%        N/A       1%          4
f - Passage of Golubria   Tloc           61%        N/A       1%          4
g - Iskenderun's Mystic   Conj/Tloc      54%        2d12      1%          4
h - Passwall              Tmut/Erth      25%        N/A       1%          2
i - Irradiate             Conj/Tmut      23%        3d19      4%          5
j - Apportation           Tloc           100%       N/A       0%          1

Your spell library contained the following spells:

 Spells                   Type           Power      Damage    Failure   Level
 Lesser Beckoning         Tloc           100%       N/A       0%          2
 Beastly Appendage        Tmut           94%        N/A       1%          1
 Foxfire                  Conj/Fire      100%       2x1d9     1%          1
 Kiss of Death            Conj/Necr      100%       2d13      1%          1
 Magic Dart               Conj           100%       1d8       1%          1
 Sting                    Tmut/Pois      100%       1d8       1%          1
 Searing Ray              Conj           90%        2d7       1%          2
 Gell's Gravitas          Tloc           61%        N/A       1%          3
 Kindle Blastsparks       Fire/Tloc/Air  74%        2d16      1%          3
 Portal Projectile        Hex/Tloc       82%        N/A       1%          3
 Teleport Other           Tloc           61%        N/A       1%          3
 Dazzling Flash           Conj/Hex       60%        N/A       4%          3
 Hailstorm                Conj/Ice       30%        3d8       4%          3
 Spider Form              Tmut/Pois      31%        N/A       4%          3
 Stone Arrow              Conj/Erth      60%        3d10      4%          3
 Blade Hands              Tmut           23%        N/A       4%          5
 Iskenderun's Battlesphe  Conj           45%        2d10      5%          5
 Poisonous Vapours        Pois/Air       42%        N/A       8%          2
 Ignite Poison            Fire/Tmut/Pois 26%        N/A       9%          3
 Cigotuvi's Dreadful Rot  Necr/Pois/Air  38%        N/A       10%         2
 Summon Forest            Summ/Tloc      20%        N/A       10%         5
 Necrotise                Necr           60%        1d7       12%         1
 Sandblast                Erth           30%        2d9       12%         1
 Summon Small Mammal      Summ           60%        N/A       12%         1
 Ice Form                 Ice/Tmut       31%        N/A       13%         4
 Petrify                  Tmut/Erth      31%        N/A       13%         4
 Flame Wave               Conj/Fire      30%        2d9       14%         4
 Fulminant Prism          Conj/Hex       15%        3d10      14%         4
 Sticky Flame             Conj/Fire      30%        2d5       14%         4
 Ensorcelled Hibernation  Hex/Ice        30%        N/A       16%         2
 Sublimation of Blood     Necr           15%        N/A       16%         2
 Arcjolt                  Conj/Air       18%        1d28      17%         5
 Lightning Bolt           Conj/Air       18%        1d32      17%         5
 Airstrike                Air            14%        2d(2-18)  21%         4
 Call Canine Familiar     Summ           15%        N/A       32%         3
 Confusing Touch          Hex            15%        N/A       32%         3
 Inner Flame              Hex/Fire       15%        N/A       32%         3
 Ozocubu's Armour         Ice            15%        N/A       32%         3
 Tukima's Dance           Hex            15%        N/A       32%         3
 Vampiric Draining        Necr           15%        2d7       32%         3
 Alistair's Intoxication  Tmut/Pois      20%        N/A       36%         5
 Yara's Violent Unravell  Hex/Tmut       15%        3d8       36%         5
 Fireball                 Conj/Fire      15%        3d8       38%         5
 Summon Lightning Spire   Summ/Air       21%        N/A       43%         4
 Anguish                  Hex/Necr       7%         N/A       71%         4
 Animate Dead             Necr           15%        N/A       71%         4
 Cause Fear               Hex            7%         N/A       71%         4
 Dispel Undead            Necr           15%        3d10      71%         4
 Leda's Liquefaction      Hex/Erth       7%         N/A       71%         4
 Olgreb's Toxic Radiance  Pois           15%        N/A       71%         4
 Silence                  Hex/Air        10%        N/A       77%         5
 Orb of Destruction       Conj           22%        9d8       85%         7
 Eringya's Noxious Bog    Tmut/Pois      15%        N/A       89%         6
 Iron Shot                Conj/Erth      15%        9d4       90%         6
 Starburst                Conj/Fire      15%        6d6       90%         6
 Agony                    Necr           15%        N/A       96%         5
 Borgnjor's Vile Clutch   Necr/Erth      7%         N/A       96%         5
 Lee's Rapid Deconstruct  Erth           7%         3d7*      96%         5
 Metabolic Englaciation   Hex/Ice        7%         N/A       96%         5
 Summon Mana Viper        Hex/Summ       15%        N/A       96%         5
 Storm Form               Tmut/Air       18%        N/A       99%         7
 Death Channel            Necr           7%         N/A       100%        6
 Simulacrum               Ice/Necr       7%         N/A       100%        6
 Summon Cactus Giant      Summ           7%         N/A       100%        6
 Haunt                    Necr/Summ      7%         N/A       100%        7
 Ozocubu's Refrigeration  Ice            7%         4d9       100%        7
 Spellforged Servitor     Conj/Summ      15%        N/A       100%        7
 Summon Hydra             Summ           7%         N/A       100%        7
 Borgnjor's Revivificati  Necr           7%         N/A       100%        8
 Discord                  Hex            7%         N/A       100%        8
 Ignition                 Fire           7%         3d5       100%        8
 Infestation              Necr           7%         N/A       100%        8
 Lehudib's Crystal Spear  Conj/Erth      15%        10d5      100%        8
 Maxwell's Capacitive Co  Air            14%        ∞         100%        8
 Necromutation            Tmut/Necr      15%        N/A       100%        8
 Chain Lightning          Conj/Air       18%        3d24      100%        9
 Death's Door             Necr           7%         N/A       100%        9
 Fire Storm               Conj/Fire      15%        8d4       100%        9


Dungeon Overview and Level Annotations

Branches:
Dungeon (15/15)            Temple (1/1) D:7            Lair (5/5) D:8
  Swamp (4/4) Lair:3        Snake (4/4) Lair:3        Slime (0/5) Lair:5
    Orc (2/2) D:9             Elf (3/3) Orc:2        Vaults (5/5) D:14
  Crypt (3/3) Vaults:2       Tomb (0/3) Crypt:3      Depths (4/4) D:15
    Zot (5/5) Depths:4     Bailey (visited)          WizLab (visited)
Gauntlet (visited)

Altars:
Ashenzari
Cheibriados
Dithmenos
Elyvilon
Fedhas
Gozag
Hepliaklqana
Kikubaaqudgha
Makhleb
Nemelex Xobeh
Okawaru
Qazlal
Ru
Sif Muna
Trog
Uskayaw
Vehumet
Wu Jian
Xom
Yredelemnul
Zin
The Shining One
Jiyva
Lugonu

Shops:
D:7 *   Orc:2 :(*[   Elf:2 !   Elf:3 ::   Snake:2 (   Snake:3 =((*
Vaults:1 =?[   Vaults:2 !   Depths:1 *   Depths:3 *?[?

Portals:
Hell: Depths:1 Depths:2 Depths:3 Depths:4
Abyss: Depths:3 Depths:4
Pandemonium: Depths:2
Ziggurat: Depths:3


Innate Abilities, Weirdness & Mutations

You are too large for most types of armour.
You have tough skin. (AC +1)
You are partially covered in iridescent scales. (AC +2)
You are frail. (-10% HP)
You occasionally shout uncontrollably at your foes.
Your spells are a little easier to cast, but a little less powerful.
You expend magic power (3 MP) to strengthen your wands.


Message History

Confirm with . or Enter, or press ? or * to list all spells.
Aiming: Passage of Golubria (safe; 1% risk of failure)
Press: ? - help, Dir - move target The Orb disrupts the stability of your passage!
You enter the passage of Golubria.
There is a passage of Golubria here.
There is a stone staircase leading up here.
You fly upwards.
There is a stone staircase leading down here.
Casting: Passage of Golubria (safe; 1% risk of failure)
Confirm with . or Enter, or press ? or * to list all spells.
Aiming: Passage of Golubria (safe; 1% risk of failure)
Press: ? - help, Dir - move target The Orb disrupts the stability of your passage!
You enter the passage of Golubria.
There is a passage of Golubria here.
Casting: Passage of Golubria (safe; 1% risk of failure)
Confirm with . or Enter, or press ? or * to list all spells.
Aiming: Passage of Golubria (safe; 1% risk of failure)
Press: ? - help, Dir - move target
Okay, then.
Casting: Passage of Golubria (safe; 1% risk of failure)
Confirm with . or Enter, or press ? or * to list all spells.
Aiming: Passage of Golubria (safe; 1% risk of failure)
Press: ? - help, Dir - move target The Orb disrupts the stability of your passage!
You enter the passage of Golubria.
Aiming: Dig
Press: ? - help, Shift-Dir - straight line A rock wall.
This square is covered in magical glow.
You feel a surge of power!
The rock shatters into small pieces.
Blink to where?
Press: ? - help, Dir - move target
As you read the scroll of blinking, it crumbles to dust.
You hear a snapping sound.
Blink to where?
Press: ? - help, Dir - move target
As you read the scroll of blinking, it crumbles to dust.
You have escaped!

#)##...........# ##.####.#
########.)#...°°......# #.# #.#
.........##.8..8.8..8.# #)# #.#
#######.###...........# #.# #.# #
#.# #....°......# #.# #.#
#.###...........# #.# #.#
########.##...........# #.# #.#
#.........#...☼.......####.## #.#
#.#...........○§@○......#.#.###.#
#.#.#######.....○.....#..###.....
#.#.# #.......☼...###.#.###.#
#.#.# #...........# ##)## #..
#.#.# #...........####.# ##.
#.#.#######...........#....# #.
#........##.8..8.8..8.#.#### #.
###.####.##...........#.###### #.
#.####.##...........#..[...# #.


There were no monsters in sight!

Vanquished Creatures
  3 dread liches (Zot:5)
  Tiamat (Zot:3)
  3 ancient liches (Zot:5)
  2 orbs of fire (Zot:5)
  Mara (Elf:3)
  2 juggernauts
  Vv (Depths:4)
  Parghit (Zot:2)
  Bai Suzhen (Elf:3)
  4 Killer Klowns (Zot:5)
  Saint Roka (Orc:2)
  Vashnia (Snake:3)
  A curse toe (Zot:4)
  Frederick (Vaults:2)
  A caustic shrike (Depths:3)
  18 golden dragons
  the Enchantress (Depths:3)
  4 electric golems
  6 liches
  A walking crystal tome (Depths:3)
  19 tentacled monstrosities
  5 quicksilver dragons
  3 titans
  2 deep elf blademasters (Elf:3)
  24 Orb Guardians
  2 deep elf master archers (Elf:3)
  7 sphinxes
  Gastronok (D:11)
  The ghost of XanderDroid the Brawler, an adept TrFi of Wu Jian (Snake:2)
  3 ancient champions
  Donald (Swamp:1)
  A draconian monk (Zot:1)
  10 death cobs
  6 tengu reavers
  A thorn hunter (Swamp:1)
  14 shadow dragons
  2 revenants (Crypt:3)
  9 storm dragons
  9 nagarajas (Snake:4)
  3 draconian knights
  An azure jelly (Swamp:4)
  6 fire giants
  A daeva (Zot:1)
  Louise (D:15)
  3 spectral caustic shrikes (Crypt:3)
  7 frost giants
  3 ghost moths
  9 vault wardens
  2 deep elf sorcerers
  4 draconian scorchers
  3 orc warlords
  2 curse skulls
  13 ghouls
  25 ironbound preservers
  3 deep elf elementalists (Elf:3)
  3 reapers
  6 draconian shifters
  4 draconian annihilators
  3 draconian stormcallers (Depths:4)
  14 stone giants
  2 war gargoyles
  3 spriggan defenders
  14 very ugly things
  2 vampire knights
  4 eleionomae
  14 ironbound thunderhulks
  6 dire elephants
  6 white draconians
  The ghost of NigelTetley the Slicer, a journeyman VSFi of Okawaru (Lair:5)
  14 yellow draconians
  14 deep elf demonologists
  8 green draconians
  9 black draconians
  A dire elephant (shapeshifter) (Depths:2)
  A lorocyproca (D:4)
  A minotaur (Gauntlet)
  10 deep elf annihilators
  6 red draconians
  5 spark wasps
  6 eidola
  3 bunyips
  14 purple draconians
  11 ettins
  7 statues (WizLab)
  7 deep elf death magi
  4 fire dragons
  2 crystal guardians (Vaults:4)
  2 spectral quicksilver dragons (Crypt:3)
  2 shambling mangroves
  4 deep elf high priests
  8 jiangshi
  11 yaktaur captains
  A green death (Gauntlet)
  6 great orbs of eyes
  7 rakshasas
  A merfolk impaler (Depths:4)
  An entropy weaver (Vaults:5)
  6 ice dragons
  4 salamander tyrants
  31 vault guards
  3 peacekeepers
  Harold (Lair:1)
  9 hydras
  A jorogumo (shapeshifter) (Vaults:4)
  4 spriggan air magi
  5 hell beasts
  12 alligators
  6 anacondas
  3 centaur warriors
  3 ogre magi
  Erolcha (D:10)
  A bennu zombie (Crypt:2)
  3 death knights (Crypt:3)
  5 boulder beetles
  15 naga warriors
  A spriggan skeleton (Crypt:2)
  7 ironbound frosthearts
  11 two-headed ogres
  The ghost of funkygono the Arsonist, a journeyman GrFE of Vehumet (D:11)
  An Orb Guardian skeleton (Crypt:3)
  3 hell hogs (Depths:4)
  7 death yaks (Lair:5)
  33 dancing weapons
  3 deep troll earth magi
  2 thrashing horrors (Gauntlet)
  8 vampire magi
  5 deep troll shamans
  A titan zombie (Crypt:3)
  8 tengu warriors
  A satyr (shapeshifter) (Vaults:4)
  2 spectral storm dragons (Crypt:3)
  7 sun demons
  7 spriggan berserkers
  14 naga sharpshooters
  A spectral emperor scorpion (Crypt:3)
  Nergalle (D:10)
  An orc high priest (Orc:2)
  8 shock serpents
  6 soul eaters
  18 deep elf knights
  A spectral bunyip (Crypt:3)
  44 hell knights
  5 salamander mystics
  2 shadow wraiths (Crypt:3)
  9 goliath frogs
  3 sixfirhies
  A bunyip zombie (Crypt:2)
  2 iron trolls
  19 skeletal warriors
  2 titan skeletons
  A storm dragon skeleton (Crypt:1)
  A death drake (shapeshifter) (Vaults:5)
  A spectral iron dragon (Crypt:3)
  6 spriggan druids
  A large abomination (D:7)
  8 flayed ghosts
  73 deep trolls
  2 spectral anacondas (Crypt:3)
  2 sphinx zombies
  7 naga ritualists
  5 swamp dragons
  7 wizards
  10 bog bodies
  18 phantasmal warriors
  3 glowing orange brains
  22 ironbound convokers
  15 lindwurms
  27 deep elf zephyrmancers
  A spectral hydra (Crypt:3)
  A steelbarb worm (shapeshifter) (Vaults:4)
  9 deep elf archers
  16 necromancers
  An obsidian statue (Depths:2)
  8 mana vipers
  33 deep elf pyromancers
  13 orc knights
  2 harpies (shapeshifter)
  A fire giant zombie (Depths:2)
  3 orc sorcerers (Orc:2)
  A stone giant zombie (Crypt:2)
  39 ugly things
  4 will-o-the-wisps
  4 manticores
  A moth of wrath (shapeshifter) (Vaults:3)
  22 salamanders
  7 cyclopes
  An ice statue (D:9)
  Maurice (D:8)
  A rust devil (Depths:2)
  A fire giant skeleton (Crypt:3)
  11 guardian serpents
  21 moths of wrath
  30 black mambas
  14 elephants
  19 vault sentinels
  An orange demon (Depths:2)
  A stone giant skeleton (Crypt:2)
  A dire elephant zombie (Crypt:2)
  A gargoyle (D:14)
  13 naga magi
  Joseph (D:7)
  8 smoke demons
  A white draconian zombie (Crypt:1)
  A torpor snail (Lair:2)
  10 cane toads
  A centaur skeleton (Crypt:2)
  3 rime drakes
  An unseen horror (D:9)
  A dire elephant skeleton (Crypt:2)
  2 kobold demonologists
  A yellow draconian zombie (Crypt:3)
  10 komodo dragons
  2 anaconda simulacra (D:12)
  26 freezing wraiths
  3 red devils
  7 guardian mummies
  11 yaktaurs
  2 ice devils
  A death yak skeleton (Crypt:2)
  A spectral naga (Crypt:3)
  14 tengu conjurers (WizLab)
  A harpy zombie (Crypt:2)
  3 spectral harpies (Crypt:3)
  A spark wasp simulacrum (Depths:1)
  A bloated husk (Swamp:4)
  A hellwing (Depths:2)
  2 meliai (D:13)
  4 trolls
  6 polar bears
  15 hornets
  A shadow dragon simulacrum (Crypt:3)
  7 tyrant leeches
  24 blink frogs
  2 ettin zombies
  12 dream sheep
  A centaur simulacrum (Crypt:2)
  A stone giant simulacrum (Crypt:3)
  4 flying skulls (Crypt:1)
  2 black mamba zombies
  An air elemental (Elf:3)
  37 slime creatures
  2 water elementals
  9 wraiths
  A dire elephant simulacrum (Crypt:3)
  24 spriggans
  79 yaks
  A shadow (Crypt:3)
  2 ynoxinuls (Depths:2)
  2 fire bats (Depths:1)
  4 fire elementals
  A human (Lair:3)
  3 basilisks
  A chaos spawn (Zot:2)
  A neqoxec (Zot:3)
  A steam dragon (D:7)
  7 redbacks
  8 vampire mosquitoes
  6 swamp worm simulacra (Swamp:4)
  An elf simulacrum (Vaults:2)
  A harpy simulacrum (Crypt:3)
  3 wargs (Orc:2)
  49 nagas
  14 hydra simulacra (Swamp:4)
  9 water moccasins
  A glowing shapeshifter zombie (Vaults:2)
  2 acid dragons
  10 swamp worms
  A cane toad zombie (Crypt:2)
  Duvessa (D:7)
  An entropy weaver zombie (Crypt:1)
  2 floating eyes
  A floating eye (shapeshifter) (Depths:2)
  3 small abominations (Gauntlet)
  26 orc warriors
  2 sky beasts
  4 ice beasts
  An ice beast (shapeshifter) (Elf:1)
  6 black bears
  An ettin simulacrum (Crypt:3)
  A hornet zombie (Crypt:2)
  14 ogres
  2 swamp drakes
  A black bear (shapeshifter) (D:14)
  37 wolves
  9 boggarts
  A torpor snail zombie (Crypt:3)
  12 centaurs
  A lindwurm skeleton (Crypt:1)
  3 kobold brigands
  A phantom (D:5)
  A rime drake skeleton (Crypt:3)
  7 bullfrogs
  6 earth elementals
  9 gnoll sergeants
  2 scorpions (D:7)
  4 necrophages
  An entropy weaver simulacrum (D:12)
  5 wights (D:7)
  Dowan (D:7)
  2 troll zombies
  7 killer bees (D:9)
  A troll skeleton (Crypt:3)
  A raiju skeleton (Crypt:2)
  2 electric eels (Lair:3)
  3 howler monkeys
  A bullfrog zombie (Crypt:1)
  3 jellies
  14 orc priests
  6 hounds
  6 gnoll boudas
  25 orc wizards
  12 hell rats
  A spriggan simulacrum (D:12)
  3 wolf simulacra (D:12)
  A naga skeleton (Crypt:2)
  A tengu skeleton (Crypt:2)
  2 hound skeletons (Crypt:2)
  7 mummies (Crypt:3)
  Robin (D:3)
  28 gnolls
  6 adders
  A naga simulacrum (D:12)
  2 shadow imps
  4 white imps
  2 swamp drake simulacra (Swamp:4)
  4 ufetubi (Gauntlet)
  An iguana skeleton (Crypt:2)
  A worm (D:4)
  2 dart slugs
  56 orcs
  5 ball pythons
  6 endoplasms
  6 giant cockroaches
  7 goblins
  8 hobgoblins
  7 jackals
  20 kobolds
  A quokka (D:5)
  5 bats
  2 dart slug zombies
  6 frilled lizards
  4 rats
  A rat skeleton (Crypt:3)
  A river rat skeleton (Crypt:1)
  A briar patch (Swamp:2)
2285 creatures vanquished.

Vanquished Creatures (collateral kills)
  A draconian shifter (Depths:4)
  An eleionoma (Swamp:2)
  A bunyip (Swamp:2)
  A white draconian (Depths:4)
  A goliath frog (Swamp:2)
  An elephant (Lair:4)
  2 orange demons (Gauntlet)
  A blink frog (Lair:5)
  A yak (Lair:5)
  A swamp worm (Swamp:2)
  A water moccasin (Lair:5)
  A wolf (Lair:5)
13 creatures vanquished.

Vanquished Creatures (others)
  An ancient lich (Crypt:1)
  An orb of fire (Zot:5)
  A dread lich (Depths:4)
  A curse toe (Zot:2)
  A golden dragon (Depths:4)
  A Brimstone Fiend (D:12)
  A tentacled monstrosity (Zot:2)
  A lich (Depths:4)
  2 Orb Guardians (Zot:5)
  A titan (Vaults:4)
  A deep elf blademaster (Elf:2)
  Asterion (Depths:2)
  Frances (Swamp:1)
  A shadow dragon (Zot:4)
  2 ancient champions
  A thorn hunter (Swamp:2)
  2 tengu reavers
  3 storm dragons
  A fenstrider witch (Swamp:3)
  A fire giant (Depths:3)
  A draconian monk (Zot:1)
  2 iron dragons
  2 nagarajas
  7 frost giants
  2 vault wardens
  Aizul (Snake:2)
  A curse skull (Crypt:1)
  2 draconian stormcallers
  3 ironbound preservers
  A spriggan defender (Depths:3)
  3 very ugly things
  4 war gargoyles
  A stone giant (Depths:1)
  A vampire knight (Crypt:2)
  2 eleionomae (Swamp:4)
  5 purple draconians
  2 deep elf annihilators
  A green draconian (Zot:3)
  2 dire elephants (Vaults:4)
  A bunyip (Swamp:4)
  4 spark wasps
  2 eidola (Crypt:3)
  A green death (Depths:2)
  2 statues (WizLab)
  A fire dragon (Depths:2)
  A yaktaur captain (Vaults:4)
  An ettin (Vaults:4)
  2 vault guards
  2 ice dragons
  A salamander tyrant (Snake:1)
  A hydra (Swamp:3)
  2 anacondas (Snake:2)
  A spriggan air mage (Depths:4)
  A two-headed ogre (D:15)
  3 naga warriors
  2 death yaks (Lair:5)
  2 deep troll earth magi (Depths:1)
  Urug (Orc:1)
  2 shock serpents
  A soul eater (Depths:1)
  4 naga sharpshooters
  5 hell knights
  2 deep elf knights
  2 skeletal warriors (D:12)
  A salamander mystic (Snake:3)
  A shadow wraith (Crypt:3)
  2 flayed ghosts
  3 ironbound convokers
  A deep elf archer (Elf:1)
  6 deep trolls
  A lindwurm (Vaults:3)
  A phantasmal warrior (Crypt:3)
  2 orc knights
  2 deep elf zephyrmancers (Elf:2)
  An ugly thing (D:15)
  3 salamanders
  2 deep elf pyromancers
  A black mamba (Lair:2)
  2 elephants (Lair:4)
  A vault sentinel (Vaults:2)
  A cane toad (Lair:1)
  A freezing wraith (Crypt:3)
  A komodo dragon (Lair:1)
  A meliai (D:13)
  A hornet (Swamp:3)
  2 dream sheep (Lair:2)
  A water elemental (Elf:2)
  A spriggan (Lair:5)
  2 yaks (Lair:4)
  A swamp worm (Swamp:4)
  4 nagas
  2 orc warriors (Orc:2)
  An ogre (Orc:2)
  A briar patch (Swamp:2)
  A bush (Lair:2)
  2 foxfires (Swamp:3)
  22 fungi
  58 plants
  5 toadstools (Swamp:1)
253 creatures vanquished.

Grand Total: 2551 creatures vanquished

Notes
Turn   | Place    | Note
-------+----------+-------------------------------------------
     0 | D:1      | jt the Ogre Reaver began the quest for the Orb.
     0 | D:1      | Reached XP level 1. HP: 22/22 MP: 3/3
   186 | D:1      | Reached XP level 2. HP: 19/29 MP: 5/5
   389 | D:1      | Reached skill level 1 in Stealth
   440 | D:1      | Learned a level 2 spell: Momentum Strike
   770 | D:1      | Reached XP level 3. HP: 31/36 MP: 6/6
  1721 | D:3      | Reached skill level 3 in Fighting
  1752 | D:3      | Reached XP level 4. HP: 38/45 MP: 2/7
  1840 | D:3      | Found a stormy altar of Qazlal.
  2115 | D:3      | Reached XP level 5. HP: 39/54 MP: 5/8
  2225 | D:3      | Reached skill level 4 in Fighting
  2336 | D:3      | Noticed Robin
  2353 | D:3      | Killed Robin
  2892 | D:4      | Found a bloodstained altar of Trog.
  3333 | D:4      | Reached XP level 6. HP: 63/63 MP: 6/9
  3422 | D:4      | Found a snail-covered altar of Cheibriados.
  3891 | D:4      | Reached skill level 5 in Fighting
  3999 | D:5      | Entered Level 5 of the Dungeon
  4002 | D:5      | Identified a scroll of acquirement
  4002 | D:5      | Acquired the +1 cloak of Starlight {*Dazzle EV+4 Stlth--}
  4002 | D:5      | Found the +1 cloak of Starlight {*Dazzle EV+4 Stlth--}
  4038 | D:3      | Became a worshipper of Qazlal Stormbringer
  4145 | D:5      | Reached skill level 5 in Polearms
  4187 | D:5      | Found an opulent altar of Gozag.
  4279 | D:5      | Reached XP level 7. HP: 62/74 MP: 5/10
  4432 | D:5      | Found a glowing silver altar of Zin.
  4432 | D:5      | Found an ancient bone altar of Kikubaaqudgha.
  4433 | D:5      | Found a radiant altar of Vehumet.
  4629 | D:5      | Found a shimmering altar of Xom.
  4733 | D:5      | Reached skill level 6 in Fighting
  5166 | D:6      | Found a shimmering blue altar of Sif Muna.
  5260 | D:6      | Noticed a steam dragon
  5378 | D:6      | Reached XP level 8. HP: 84/84 MP: 11/11
  5553 | D:6      | Reached skill level 7 in Fighting
  5567 | D:6      | Found an iron altar of Okawaru.
  5839 | D:6      | Found a hide-covered altar of Uskayaw.
  5978 | D:7      | Reached skill level 5 in Dodging
  6101 | D:7      | Noticed Joseph
  6109 | D:7      | Killed Joseph
  6110 | D:7      | Reached skill level 8 in Fighting
  6110 | D:7      | Reached skill level 1 in Throwing
  6110 | D:7      | Reached skill level 1 in Armour
  6232 | D:7      | Reached XP level 9. HP: 64/96 MP: 7/12
  6351 | D:7      | Found a staircase to the Ecumenical Temple.
  6384 | D:7      | Reached * piety under Qazlal
  6477 | Temple   | Entered the Ecumenical Temple
  6697 | D:7      | Found Vulaimm's Overcharged Wands.
  6802 | D:7      | Noticed Dowan
  6802 | D:7      | Noticed Duvessa
  6818 | D:7      | Killed Duvessa
  6819 | D:7      | Reached skill level 9 in Fighting
  6839 | D:7      | Killed Dowan
  7527 | D:8      | Noticed Maurice
  7537 | D:8      | Killed Maurice
  7781 | D:7      | Reached skill level 10 in Fighting
  7783 | D:7      | Reached XP level 10. HP: 103/110 MP: 13/13
  8020 | D:8      | Noticed a cyclops
  8032 | D:8      | Killed a cyclops
  8152 | D:8      | Reached skill level 11 in Fighting
  8405 | D:8      | Reached ** piety under Qazlal
  8607 | D:8      | Found a sparkling altar of Nemelex Xobeh.
  8759 | D:8      | Found a staircase to the Lair.
  8872 | D:9      | Found a basalt altar of Yredelemnul.
  8873 | D:9      | Found a hazy altar of Hepliaklqana.
  8874 | D:9      | Found a sacrificial altar of Ru.
  8927 | D:9      | Reached skill level 1 in Invocations
  9015 | D:9      | Found a flagged portal.
  9069 | Bailey   | Entered a bailey
  9938 | Bailey   | Reached XP level 11. HP: 50/123 MP: 10/14
 10333 | Bailey   | Reached skill level 12 in Fighting
 10798 | D:9      | Reached *** piety under Qazlal
 11225 | D:9      | Reached skill level 10 in Polearms
 11423 | D:9      | Found a staircase to the Orcish Mines.
 11676 | D:9      | Noticed a two-headed ogre
 11686 | D:9      | Killed a two-headed ogre
 12052 | D:10     | Entered Level 10 of the Dungeon
 12192 | D:10     | Noticed Nergalle
 12227 | D:10     | Killed Nergalle
 12336 | D:10     | Identified the +5 falchion of Okawaru's Vengeance {vamp,
                  | Fly rPois Int+4}
 12399 | D:10     | Noticed a soul eater
 12413 | D:10     | Reached skill level 1 in Translocations
 13345 | D:10     | Reached **** piety under Qazlal
 13453 | D:10     | Found a white marble altar of Elyvilon.
 13546 | D:10     | Noticed Erolcha
 13549 | D:10     | Killed Erolcha
 14006 | D:11     | Noticed a two-headed ogre
 14019 | D:11     | Killed a two-headed ogre
 14020 | D:11     | Reached skill level 5 in Invocations
 14076 | D:11     | Noticed Gastronok
 14091 | D:11     | Killed Gastronok
 14410 | D:11     | Reached XP level 12. HP: 132/132 MP: 17/19
 14638 | D:11     | Found a runed translucent gate.
 14638 | D:11     | Found a runed translucent gate.
 14638 | D:11     | Noticed funkygono's ghost (journeyman GrFE)
 14639 | D:11     | Found a runed translucent gate.
 14642 | D:11     | Found a viscous altar of Jiyva.
 14657 | D:11     | Noticed a two-headed ogre
 14670 | D:11     | Killed a two-headed ogre
 14671 | D:11     | Reached skill level 13 in Fighting
 14931 | Lair:1   | Entered Level 1 of the Lair of Beasts
 15012 | Lair:1   | Noticed Harold
 15036 | Lair:1   | Reached skill level 5 in Spellcasting
 15057 | Lair:1   | Found a gate leading to a gauntlet.
 15070 | Gauntlet | Entered a Gauntlet
 15070 | Gauntlet | Found a transporter.
 15070 | Gauntlet | Found a transporter.
 15081 | Gauntlet | Found a transporter.
 15091 | Gauntlet | Found a transporter.
 15093 | Gauntlet | Found a large runed translucent door.
 15094 | Gauntlet | Found a large runed translucent door.
 15095 | Gauntlet | Found a large runed translucent door.
 15095 | Gauntlet | Found a large runed translucent door.
 15107 | Gauntlet | Found a transporter.
 15119 | Gauntlet | Found a transporter.
 15121 | Gauntlet | Found a large runed translucent door.
 15121 | Gauntlet | Noticed a thrashing horror
 15122 | Gauntlet | Found a large runed translucent door.
 15124 | Gauntlet | Found a runed translucent gate.
 15133 | Gauntlet | Noticed a thrashing horror
 15139 | Gauntlet | Found a transporter.
 15139 | Gauntlet | Found the +8 trishula "Condemnation" {holy, anguish, *Noise
                  | Fly rN+}
 15212 | Gauntlet | Found a transporter.
 15214 | Gauntlet | Found a large runed translucent door.
 15215 | Gauntlet | Found a large runed translucent door.
 15216 | Gauntlet | Found a large runed translucent door.
 15216 | Gauntlet | Found a large runed translucent door.
 15216 | Gauntlet | Found a runed translucent door.
 15216 | Gauntlet | Found a runed translucent door.
 15217 | Gauntlet | Found a large runed translucent door.
 15217 | Gauntlet | Found a large runed translucent door.
 15221 | Gauntlet | Found a large runed translucent door.
 15221 | Gauntlet | Found a large runed translucent door.
 15222 | Gauntlet | Found a large runed translucent door.
 15222 | Gauntlet | Found a large runed translucent door.
 15224 | Gauntlet | Found a runed translucent gate.
 15224 | Gauntlet | Found a runed translucent gate.
 15225 | Gauntlet | Noticed a green death
 15226 | Gauntlet | Found a transporter.
 15236 | Gauntlet | Found a transporter.
 15257 | Gauntlet | Noticed an entropy weaver
 15279 | Gauntlet | Found a transporter.
 15286 | Gauntlet | Found a transporter.
 15305 | Gauntlet | Found a transporter.
 15316 | Gauntlet | Found a transporter.
 15360 | Gauntlet | Found a transporter.
 15377 | Gauntlet | Found a transporter.
 15673 | Gauntlet | Killed a green death
 15683 | Gauntlet | Identified the ring "Atame" {rElec rF+ Will+++ Str+6 Int-5}
 16018 | Gauntlet | Killed a thrashing horror
 16034 | Gauntlet | Killed a thrashing horror
 16044 | Gauntlet | Identified the +2 pair of boots of Depression {rC+ rCorr}
 16239 | Gauntlet | Noticed a minotaur
 16249 | Gauntlet | Killed a minotaur
 16472 | Gauntlet | Got Asmodeus's Secrets of Causimancy
 16567 | Lair:1   | Reached skill level 1 in Shields
 16735 | Lair:1   | Acquired the ring of the Stag {Wiz Str+2 Int+3}
 16777 | Lair:1   | Killed Harold
 17013 | Lair:1   | Found an iron altar of Okawaru.
 17593 | Lair:2   | Reached XP level 13. HP: 122/144 MP: 16/20
 17701 | Lair:2   | Reached skill level 5 in Shields
 17774 | Lair:2   | Found a transporter.
 17823 | Lair:2   | Reached ***** piety under Qazlal
 17879 | Lair:2   | Found a transporter.
 18778 | Lair:3   | Found a staircase to the Swamp.
 18930 | Lair:3   | Found a staircase to the Snake Pit.
 19401 | Lair:3   | Found a runed translucent door.
 19406 | Lair:3   | Noticed a reaper
 19437 | Lair:3   | Learned a level 3 spell: Vhi's Electric Charge
 19448 | Lair:3   | Killed a reaper
 19741 | Orc:1    | Entered Level 1 of the Orcish Mines
 20046 | Orc:1    | Noticed Urug
 20055 | Orc:1    | Killed Urug
 20115 | Orc:1    | Reached skill level 1 in Air Magic
 20585 | Orc:2    | Entered Level 2 of the Orcish Mines
 20806 | Orc:2    | Reached XP level 14. HP: 153/153 MP: 21/21
 20955 | Orc:2    | Noticed Saint Roka
 20989 | Orc:2    | Killed Saint Roka
 21405 | Orc:2    | Found a staircase to the Elven Halls.
 21429 | Orc:2    | Reached ****** piety under Qazlal
 21846 | Orc:2    | Found Fonkeh's Antique Armour Boutique.
 21863 | Orc:2    | Found Efurim's Antique Weapon Boutique.
 21881 | Orc:2    | Found Igysaana's Book Boutique.
 21898 | Orc:2    | Found Vean's General Store.
 22245 | Orc:2    | Bought a scroll of acquirement for 728 gold pieces
 22247 | Orc:2    | Acquired a book of Spatial Translocations
 22252 | Orc:2    | Learned a level 2 spell: Blink
 22266 | Orc:2    | Bought a book of Changes for 234 gold pieces
 22270 | Orc:2    | Learned a level 2 spell: Wereblood
 22501 | D:12     | Reached skill level 1 in Transmutations
 22784 | D:12     | You are sucked into a shaft and drop 2 floors!
 23140 | D:13     | Reached skill level 10 in Invocations
 23184 | D:13     | Reached skill level 5 in Translocations
 23799 | D:12     | Reached skill level 10 in Shields
 23986 | D:12     | Identified the +1 leather armour of the Snail {rElec rC+
                  | Dex-4}
 24823 | D:13     | Reached XP level 15. HP: 158/161 MP: 19/23
 25131 | D:14     | Reached skill level 5 in Transmutations
 25359 | D:14     | Found a gate to the Vaults.
 25493 | D:15     | Entered Level 15 of the Dungeon
 26638 | D:15     | Noticed Louise
 26664 | D:15     | Killed Louise
 27057 | D:15     | Found a staircase to the Depths.
 27318 | Snake:1  | Entered Level 1 of the Snake Pit
 27562 | Snake:1  | Reached XP level 16. HP: 107/170 MP: 21/25
 27995 | Snake:1  | Found a shimmering altar of Xom.
 29503 | Snake:2  | Found Rity's Weapon Emporium.
 29567 | Snake:2  | You are sucked into a shaft and drop 1 floor!
 29866 | Snake:3  | Reached skill level 5 in Armour
 29982 | Snake:3  | Got Waewaimn's Discourse on Bewitching Coordinates
 30069 | Snake:2  | Noticed Aizul
 30086 | Snake:2  | Killed Aizul
 30640 | Snake:2  | Found a transporter.
 30646 | Snake:2  | Found a bloodstained altar of Trog.
 30650 | Snake:2  | Noticed XanderDroid's ghost (adept TrFi)
 30667 | Snake:2  | Found a transporter.
 31330 | Snake:3  | Found Heer's Antique Weapon Boutique.
 31439 | Snake:3  | Found Qeserre's Weapon Boutique.
 31439 | Snake:3  | Found Syikhl Dacsoa's Assorted Antiques.
 31468 | Snake:3  | Found Tisu's Jewellery Boutique.
 31716 | Snake:4  | Entered Level 4 of the Snake Pit
 31784 | Snake:4  | Reached XP level 17. HP: 154/178 MP: 27/29
 32123 | Snake:3  | Bought a potion of heal wounds for 160 gold pieces
 32123 | Snake:3  | Bought a potion of heal wounds for 160 gold pieces
 33252 | Snake:4  | Noticed Vashnia
 33565 | Snake:3  | Killed Vashnia
 33950 | Snake:4  | Reached skill level 10 in Spellcasting
 34240 | Snake:4  | Learned a level 4 spell: Manifold Assault
 34245 | Snake:4  | Learned a level 4 spell: Passage of Golubria
 34941 | Snake:4  | Reached skill level 1 in Evocations
 35218 | Snake:4  | Got a serpentine rune of Zot
 35809 | Snake:2  | Reached skill level 15 in Invocations
 35825 | Snake:2  | Killed XanderDroid's ghost
 35831 | Snake:2  | Reached XP level 18. HP: 101/187 MP: 3/32
 36289 | D:11     | Killed funkygono's ghost
 36612 | Swamp:1  | Entered Level 1 of the Swamp
 37068 | Swamp:1  | Noticed Frances
 37144 | Swamp:1  | Killed Frances
 37712 | Swamp:2  | Noticed Donald
 37737 | Swamp:1  | Killed Donald
 40014 | Swamp:4  | Entered Level 4 of the Swamp
 40353 | Swamp:4  | Identified the +7 rapier of Linearity {freeze, Contam rN++
                  | Dex+2 SInv}
 40443 | Swamp:4  | Reached skill level 15 in Shields
 41428 | Swamp:4  | Reached XP level 19. HP: 153/195 MP: 35/35
 41873 | Swamp:4  | Got a decaying rune of Zot
 42295 | Elf:1    | Entered Level 1 of the Elven Halls
 42810 | Elf:1    | Reached skill level 14 in Fighting
 44121 | Elf:2    | Found Huozoc's Distillery.
 44134 | Elf:2    | Bought a potion of heal wounds for 90 gold pieces
 44134 | Elf:2    | Bought 2 potions of curing for 108 gold pieces
 44303 | Elf:2    | Found a runed translucent gate.
 44303 | Elf:2    | Found a runed translucent gate.
 44308 | Elf:2    | Found a runed translucent gate.
 44950 | Elf:2    | Reached skill level 15 in Fighting
 45203 | Elf:2    | Reached skill level 10 in Armour
 45360 | Elf:3    | Entered Level 3 of the Elven Halls
 45453 | Elf:3    | Reached skill level 10 in Translocations
 45566 | Elf:3    | Found Nowoawig's Book Shoppe.
 45599 | Elf:3    | Noticed Mara
 45607 | Elf:3    | Killed Mara
 45608 | Elf:3    | Reached XP level 20. HP: 210/210 MP: 23/37
 45745 | Elf:3    | Noticed Bai Suzhen
 45768 | Elf:3    | Noticed a Brimstone Fiend
 45838 | Elf:3    | Found the +5 robe of Night {Dark Will+ SInv}
 45849 | Elf:3    | Killed Bai Suzhen
 46369 | Elf:3    | Identified the +5 mace "Racadd" {venom, *Slow rElec rCorr
                  | Int+3}
 46401 | Elf:3    | Identified the +8 trident of Qocriph {spect, rElec Str-4
                  | Int+2}
 46538 | Elf:3    | Identified the +9 great sword "Tetuok" {protect, +Blink}
 46707 | Elf:3    | Found the +10 Black Knight's barding {ponderous, rPois rN+}
 46780 | Elf:3    | Identified the +1 leather armour "Fatseredd" {Rampage
                  | Regen+}
 46860 | Elf:3    | Found Behilu's Self-Improvement Boutique.
 46922 | Elf:3    | Identified the +0 robe of the New World {Contam rElec rC+++
                  | Archmagi}
 47097 | Elf:3    | Identified the +0 pair of gloves of Duck's Teeth {rN+
                  | Regen+ rCorr Dex-5}
 47382 | Lair:4   | Identified the +0 robe of the Enchanted Forest {Int+7
                  | Archmagi}
 47519 | Lair:4   | Reached skill level 16 in Fighting
 48029 | Lair:5   | Entered Level 5 of the Lair of Beasts
 48289 | Lair:5   | Found a runed translucent door.
 48289 | Lair:5   | Found a shimmering altar of Xom.
 48289 | Lair:5   | Identified the +4 great mace of the Salmon {chaos, rC+
                  | Stlth+}
 48290 | Lair:5   | Noticed NigelTetley's ghost (journeyman VSFi)
 48930 | Lair:5   | Found a staircase to the Slime Pits.
 48932 | Lair:5   | Found a viscous altar of Jiyva.
 48975 | Lair:5   | Reached XP level 21. HP: 223/223 MP: 33/39
 49454 | Lair:5   | Killed NigelTetley's ghost
 49911 | Vaults:1 | Entered Level 1 of the Vaults
 50522 | Vaults:1 | Found Aceynu's Magic Scroll Shoppe.
 50535 | Vaults:1 | Found Hidall's Antique Armour Boutique.
 50536 | Vaults:1 | Bought 2 scrolls of blinking for 285 gold pieces
 50723 | Vaults:1 | Found Zenosie's Jewellery Shoppe.
 51324 | Vaults:1 | Reached skill level 17 in Fighting
 51717 | Vaults:2 | Noticed Frederick
 51727 | Vaults:2 | Killed Frederick
 51734 | Vaults:2 | Reached skill level 15 in Spellcasting
 52255 | Vaults:2 | Found a staircase to the Crypt.
 52304 | Vaults:2 | Identified the +9 halberd "Imeifo" {drain, Drain rElec rF+
                  | Dex+5}
 52539 | Vaults:2 | Found Maurenak's Distillery.
 52964 | Vaults:2 | Reached XP level 22. HP: 200/236 MP: 31/41
 54101 | Vaults:2 | Identified the +1 battleaxe of the Eight Tales {freeze,
                  | +Blink rC++ rCorr MP-9}
 54365 | Crypt:1  | Entered Level 1 of the Crypt
 55179 | Crypt:1  | Noticed an ancient lich
 55204 | Crypt:1  | Killed an ancient lich
 55677 | Crypt:2  | Reached skill level 18 in Fighting
 56974 | Crypt:3  | Entered Level 3 of the Crypt
 57031 | Crypt:3  | Identified the +7 long sword of Equilibrium {heavy, Str+2
                  | Int+2 Dex+2}
 57639 | Crypt:3  | Reached XP level 23. HP: 226/249 MP: 27/43
 58000 | Crypt:3  | Found a staircase to the Tomb.
 58757 | Crypt:3  | Got Sif Muna's Codex of Contaminants
 59464 | Vaults:3 | Found a magical portal.
 59479 | WizLab   | Entered Iskenderun's Mystic Tower
 60699 | WizLab   | Got Iskenderun's Directory of Yeast
 60699 | WizLab   | Got Iskenderun's Volume of Destruction
 60726 | WizLab   | Learned a level 4 spell: Iskenderun's Mystic Blast
 60972 | Vaults:3 | Reached skill level 19 in Fighting
 62683 | Vaults:4 | Reached XP level 24. HP: 261/261 MP: 43/43
 62852 | Vaults:4 | Learned a level 2 spell: Passwall
 63037 | Vaults:4 | Found a portal to a secret trove of treasure.
 63152 | Vaults:4 | Found a flickering gateway to a bazaar.
 63170 | Bazaar   | Entered a bazaar
 63170 | Bazaar   | Found Taoptyn's Armour Boutique.
 63170 | Bazaar   | Found Xixybin's Weapon Shoppe.
 63170 | Bazaar   | Found Mikh's Antique Armour Shop.
 63170 | Bazaar   | Found Tiofigia's Jewellery Shoppe.
 63172 | Bazaar   | Found Faawiape's Assorted Antiques.
 63216 | Bazaar   | Bought the macabre finger necklace {Finger+ rN+} for 480
                  | gold pieces
 63216 | Bazaar   | Found the macabre finger necklace {Finger+ rN+}
 63234 | Bazaar   | Bought a ruby ring for 60 gold pieces
 63243 | Bazaar   | Bought the ring of Intercession {rC+ rCorr Dex+3} for 526
                  | gold pieces
 63254 | Bazaar   | Bought a scroll of teleportation for 36 gold pieces
 63254 | Bazaar   | Bought a scroll of enchant weapon for 90 gold pieces
 64447 | Depths:1 | Entered Level 1 of the Depths
 64529 | D:15     | Reached skill level 5 in Conjurations
 64955 | Depths:1 | Found an ancient bone altar of Kikubaaqudgha.
 65097 | Depths:1 | Found Niunos's Demolitions Depot.
 65804 | Depths:1 | Found a gateway to Hell.
 65994 | Depths:2 | Reached skill level 20 in Fighting
 66997 | Depths:2 | Found a one-way gate leading to the halls of Pandemonium.
 67276 | Depths:2 | Reached XP level 25. HP: 208/274 MP: 14/44
 67908 | Depths:2 | Identified the +1 kite shield "Baqeovox" {rPois rF- rC+}
 67908 | Depths:2 | Noticed Asterion
 67920 | Depths:2 | Killed Asterion
 68050 | Depths:3 | Found Butu's Magic Scroll Emporium.
 68055 | Depths:3 | Bought a scroll of magic mapping for 97 gold pieces
 68541 | Depths:3 | Noticed a juggernaut
 68560 | Depths:3 | Killed a juggernaut
 68609 | Depths:3 | Found a one-way gateway to a ziggurat.
 68631 | Depths:3 | Found Deus's Magic Scroll Boutique.
 68786 | Depths:3 | Found Juof's Antique Armour Boutique.
 69010 | Depths:3 | Identified the +10 quarterstaff "Qaekleck" {flame, rF+ SInv
                  | Stlth+}
 69446 | Depths:3 | Noticed the Enchantress
 69482 | Depths:3 | Killed the Enchantress
 69968 | Depths:3 | You are sucked into a shaft and drop 1 floor!
 69968 | Depths:4 | Entered Level 4 of the Depths
 69986 | Depths:4 | Noticed a juggernaut
 70004 | Depths:4 | Noticed a dread lich
 70010 | Depths:4 | Killed a juggernaut
 70036 | Depths:4 | Killed a dread lich
 70062 | Depths:4 | Noticed Vv
 70094 | Depths:4 | Paralysed by a floating eye for 2 turns
 70571 | Depths:3 | Found a corrupted altar of Lugonu.
 70572 | Depths:3 | Found a one-way gate to the infinite horrors of the Abyss.
 70813 | Depths:3 | Found Qifuadgha's General Store.
 71496 | Depths:4 | Killed Vv
 72024 | Depths:4 | Reached skill level 21 in Fighting
 72375 | Depths:4 | Found a gate to the Realm of Zot.
 72831 | Depths:4 | Reached XP level 26. HP: 279/288 MP: 40/45
 72925 | Depths:4 | Found a bloodstained altar of Trog.
 73881 | Vaults:1 | Bought the +18 shield of the Gong {Loud rElec rN+ Will+
                  | EV-5} for 3697 gold pieces
 73881 | Vaults:1 | Found the +18 shield of the Gong {Loud rElec rN+ Will+
                  | EV-5}
 74088 | Vaults:5 | Entered Level 5 of the Vaults
 74104 | Vaults:5 | Reached skill level 15 in Translocations
 75098 | Vaults:5 | Identified the +5 arbalest of the Witching Gods {freeze,
                  | rF+ Will+}
 75098 | Vaults:5 | Identified the ring of Okkei {rC- rN+ rCorr Int+5}
 76115 | Vaults:4 | You paid a toll of +2 shadow dragon scales to enter a
                  | treasure trove
 76116 | Trove    | Entered a treasure trove
 76118 | Trove    | Identified the +3 buckler of Loss {Str+3 Dex+4 SInv}
 76119 | Trove    | Identified the amulet "Hejuo" {rPois Regen+}
 76121 | Trove    | Identified the amulet of Muhof {Acrobat Dex+4}
 76123 | Trove    | Identified the amulet "Byahicw" {Acrobat rPois}
 76125 | Trove    | Identified the +0 buckler "Tivoy" {Stlth+}
 76143 | Trove    | Identified the ring "Ruickom" {rElec rPois rF- MP+9 Str+8}
 76178 | Trove    | Identified the +1 hat "Naqow" {Dex+3}
 76180 | Trove    | Identified the +1 hat of Jusopn {Dex+3 SInv}
 76750 | Vaults:5 | Reached skill level 22 in Fighting
 77133 | Vaults:5 | Identified the +3 short sword of Beosagonob {flame, rN+
                  | Will- Str+3}
 77196 | Vaults:5 | Identified the +6 short sword "Loaj" {drain, +Blink Fly
                  | Will+ Dex+2}
 77262 | Vaults:5 | Reached skill level 15 in Armour
 77265 | Vaults:5 | Reached XP level 27. HP: 288/300 MP: 37/46
 77321 | Vaults:5 | Identified the +8 long sword of the Past {freeze, Will+}
 77616 | Vaults:5 | Identified the +1 scale mail of Valo {Int+5}
 77620 | Vaults:5 | Got a silver rune of Zot
 77659 | Vaults:5 | Identified the +0 plate armour of the Butterfly {Will+
                  | Str+3}
 78166 | Depths:3 | Bought a scroll of enchant armour for 97 gold pieces
 78173 | Depths:3 | Learned a level 5 spell: Irradiate
 78236 | Zot:1    | Entered Level 1 of the Realm of Zot
 79512 | Zot:1    | Reached skill level 5 in Throwing
 79921 | Zot:2    | Noticed Parghit
 79937 | Zot:2    | Killed Parghit
 81581 | Zot:2    | You are sucked into a shaft and drop 2 floors!
 82833 | Zot:3    | Found the +4 dragonskin cloak
 82833 | Zot:3    | Noticed Tiamat
 83423 | Zot:3    | Reached skill level 23 in Fighting
 83445 | Zot:3    | Killed Tiamat
 84371 | Zot:5    | Entered Level 5 of the Realm of Zot
 84708 | Zot:5    | Noticed an orb of fire
 84716 | Zot:5    | Gained mutation: You are partially covered in iridescent
                  | scales. (AC +2) [an orb of fire]
 84727 | Zot:5    | Gained mutation: Your spells are a little easier to cast,
                  | but a little less powerful. [an orb of fire]
 84733 | Zot:5    | Gained mutation: You occasionally shout uncontrollably at
                  | your foes. [an orb of fire]
 84734 | Zot:5    | Killed an orb of fire
 84834 | Zot:5    | Noticed a dread lich
 84846 | Zot:5    | Killed a dread lich
 84878 | Zot:5    | Noticed a dread lich
 84888 | Zot:5    | Killed a dread lich
 84891 | Zot:5    | Learned a level 1 spell: Apportation
 84984 | Zot:5    | Noticed an orb of fire
 85023 | Zot:5    | Killed an orb of fire
 85129 | Zot:5    | Noticed an ancient lich
 85132 | Zot:5    | Noticed a dread lich
 85140 | Zot:5    | Killed a dread lich
 85140 | Zot:5    | Noticed an ancient lich
 85141 | Zot:5    | Noticed an ancient lich
 85146 | Zot:5    | Killed an ancient lich
 85150 | Zot:5    | Killed an ancient lich
 85155 | Zot:5    | Killed an ancient lich
 85247 | Zot:5    | Noticed an orb of fire
 85254 | Zot:5    | Gained mutation: You are partially covered in large bone
                  | plates. (SH +4) [an orb of fire]
 85257 | Zot:5    | Gained mutation: You are clumsy. (Dex -2) [an orb of fire]
 85261 | Zot:5    | Gained mutation: You are dopey. (Int -2) [an orb of fire]
 85263 | Zot:5    | Gained mutation: You are very clumsy. (Dex -4) [an orb of
                  | fire]
 85265 | Zot:5    | Gained mutation: You are frail. (-10% HP) [an orb of fire]
 85266 | Zot:5    | Gained mutation: Armour fits poorly on your strangely
                  | shaped body. [an orb of fire]
 85268 | Zot:5    | Killed an orb of fire
 85409 | Zot:5    | Reached skill level 10 in Transmutations
 85534 | Zot:5    | Reached skill level 10 in Throwing
 85698 | Zot:5    | Lost mutation: You are partially covered in large bone
                  | plates. (SH +4) [potion of mutation]
 85698 | Zot:5    | Lost mutation: You are very clumsy. (Dex -4) [potion of
                  | mutation]
 85698 | Zot:5    | Lost mutation: Armour fits poorly on your strangely shaped
                  | body. [potion of mutation]
 85698 | Zot:5    | Gained mutation: Your muscles are strong. (Str +4, Int/Dex
                  | -1) [potion of mutation]
 85698 | Zot:5    | Gained mutation: Your muscles are very strong. (Str +8,
                  | Int/Dex -2) [potion of mutation]
 85700 | Zot:5    | Lost mutation: You are partially covered in iridescent
                  | scales. (AC +2) [potion of mutation]
 85700 | Zot:5    | Lost mutation: Your muscles are very strong. (Str +8,
                  | Int/Dex -2) [potion of mutation]
 85700 | Zot:5    | Lost mutation: You are clumsy. (Dex -2) [potion of
                  | mutation]
 85700 | Zot:5    | Gained mutation: You expend magic power (3 MP) to
                  | strengthen your wands. [potion of mutation]
 85701 | Zot:5    | Lost mutation: Your muscles are strong. (Str +4, Int/Dex
                  | -1) [potion of mutation]
 85701 | Zot:5    | Lost mutation: You occasionally shout uncontrollably at
                  | your foes. [potion of mutation]
 85701 | Zot:5    | Gained mutation: You are partially covered in iridescent
                  | scales. (AC +2) [potion of mutation]
 85701 | Zot:5    | Gained mutation: You occasionally shout uncontrollably at
                  | your foes. [potion of mutation]
 85701 | Zot:5    | Lost mutation: You are dopey. (Int -2) [potion of mutation]
 85702 | Zot:5    | Got the Orb of Zot
 86015 | D:12     | Noticed Piulib the pandemonium lord
 86040 | D:10     | Noticed Tess the pandemonium lord
 86064 | D:9      | Noticed Berghuin the pandemonium lord
 86234 | D:$      | Escaped with the Orb!

Illustrated notes

Levels and vault maps discovered:
D:1:      giann_forest_graveyard, layout_loops_ring, minmay_quantized
D:2:      layout_loops_ring
D:3:      layout_loops_cross, nicolae_overflow_hidden_temple, minivault_25,
          uniq_robin
D:4:      layout_loops_ring, cheibrodos_worm_habitat,
          mainiacjoe_overflow_brackets
D:5:      layout_gridville, gammafunk_temple_overflow_claw, lemuel_doored_altar,
          general_overflow_altar
D:6:      layout_loops_cross, mainiacjoe_overflow_boulevard,
          kennysheep_mini_moat, marbit_many_paths, minmay_holes
D:7:      layout_basic, minmay_temple_entry_statues_fountains,
          nicolae_shop_overcharged_wands, uniq_joseph, uniq_duvessa
D:8:      layout_cave_pools, nemelex_spade_bored_becter, david_lair_shrubbed,
          nicolae_concentric_dashed_squares_wild, minivault_1, uniq_maurice
D:9:      layout_long_grid, grunt_temple_overflow_open, erik_orc_2,
          enter_bailey_2, minivault_16
D:10:     layout_stronghold, nicolae_elyvilon_temple_path, uniq_nergalle,
          uniq_erolcha
D:11:     layout_roguey, gammafunk_ghost_ooze, uniq_gastronok
D:12:     dreamdust_isle_of_ice, layout_grid_maze
D:13:     layout_long_grid
D:14:     layout_gridville, lightli_vaults_fourway_checkpoint,
          hangedman_abyss_or_decor_clamps
D:15:     grunt_enter_depths_snipers, layout_long_grid, elves_outpost_lemuel,
          uniq_louise
Temple:   hellmonk_temple_flake
Lair:1:   layout_gridlike, gauntlet_entry_generic, lemuel_centaur_altar,
          uniq_harold
Lair:2:   gammafunk_boulding_lane, layout_loops_ring,
          infiniplex_staircase_pool_2
Lair:3:   layout_long_grid, swamp_mist_pool, nicolae_snake_entry_squirm,
          minivault_27, pdpol_lair_cabin_in_the_woods
Lair:4:   layout_big_grid
Lair:5:   minmay_lair_end_enchanted_forest, layout_misc_corridors,
          slime_entry_1, ebering_ghost_xom, grunt_megastairs_4,
          lemuel_fruit_tree
Swamp:1:  cheibrodos_swamp_tower_of_moss, layout_basic_swamp,
          evilmike_swamp_ruin_house_4, nicolae_swamp_little_tower, uniq_frances
Swamp:2:  layout_basic_swamp, wheals_swamp_sinkhole, nicolae_swamp_no_escape,
          uniq_donald
Swamp:3:  layout_basic_swamp, evilmike_swamp_ruin_house_1,
          nicolae_swamp_very_dense_foliage
Swamp:4:  swamp_icy, layout_basic_swamp, swamp_pool3,
          nicolae_swamp_stuck_in_the_mud
Snake:1:  layout_onion, basic_altar
Snake:2:  layout_gridlike, serial_shops, nicolae_shop_bloodbath_and_beyond,
          gammafunk_ghost_wrathful_warriors, uniq_aizul
Snake:3:  layout_misc_corridors, serial_shops, shop,
          nicolae_snake_serpentine_bazaar
Snake:4:  grunt_snake_rune_spirals, layout_onion, nicolae_snake_biting_tails,
          nicolae_snake_boneroom, uniq_vashnia
Orc:1:    layout_diamond_mine, statue_in_the_mist_lemuel, abandoned_shop,
          uniq_urug
Orc:2:    grunt_orc_cross, layout_diamond_mine
Elf:1:    eino_elf_arrival_the_gate, layout_rooms, evilmike_minifort
Elf:2:    nicolae_elf_blades_splatter_lattice [mumra_blade_entry_dagger],
          layout_loops_ring, serial_shops, nicolae_shop_stone, lemuel_elevator
Elf:3:    grunt_elf_hall_diamonds, layout_gridlike, serial_shops,
          nicolae_square_shop, nicolae_shop_self_help, uniq_mara,
          uniq_bai_suzhen
Vaults:1: grunt_vaults_bifocal, vaults_standard_mumra_enter_the_diamond,
          vaults_dpeg_encased_lava, st_squares, ontoclasm_vaults_misaligned,
          grunt_vaults_hallway_long, nicolae_vaults_twisting_passages,
          nicolae_vaults_network_quinsquares
          [nicolae_vaults_network_quincunx_subvault,
          nicolae_vaults_network_quincunx_subvault,
          nicolae_vaults_network_quincunx_subvault,
          nicolae_vaults_network_quincunx_subvault],
          vaults_room_mumra_shop_pool, v_misc_12, nicolae_vaults_big_ls,
          grunt_vaults_hallway_long, v_alt_pattern_5,
          nicolae_vaults_specimen_jars, layout_vaults_ring, serial_shops,
          nicolae_shop_crystal, shop_scrolls
Vaults:2: minmay_crypt_entry_simple_corners, ontoclasm_vaults_gallery,
          nicolae_vaults_arrows, dpeg_vaults_monster_row, v_alt_pattern_2,
          dpeg_vaults_monster_box, layout_vaults_omnigrid, serial_shops, shop,
          uniq_frederick
Vaults:3: mu_enter_wizlab_1, vaults_room_door_ring, vaults_room_door_hall,
          vaults_mumra_hex, v_pattern_2, st_more_cells,
          nicolae_vaults_network_square, v_misc_16, grunt_vaults_hallway_short,
          hangedman_vaults_unwind, ontoclasm_vaults_spin,
          nicolae_vaults_little_squares_4, nicolae_vaults_little_squares_5,
          hangedman_vaults_impose, v_misc_25, v_misc_8, serial_ice_g,
          vaults_room_door_ring, nicolae_vaults_shelves_hall,
          grunt_vaults_hallway_short, layout_vaults_omnicross
Vaults:4: v_misc_30, hangedman_vaults_maws, nicolae_vaults_little_squares_4,
          grunt_vaults_focal, hangedman_vaults_slither, v_misc_30,
          nicolae_vaults_sealed_display, nicolae_vaults_big_angled_halls,
          v_alt_pattern_2, ontoclasm_vaults_pinch,
          nicolae_vaults_little_squares_6, v_misc_17, layout_vaults_omnibox,
          nicolae_trove_entry_path_of_doom, serial_shops, bzr_entry_safe,
          uniq_saint_roka
Vaults:5
Crypt:1:  layout_gridlike, minivault_5, weyrava_lich_vault
Crypt:2:  layout_basic
Crypt:3:  due_elkab, layout_chaotic_city, nicolae_tomb_entry_grand_gallery
Depths:1: layout_basic, nicolae_twisting_strands, hell_entry,
          nicolae_blasting_shop, nicolae_kikubaaqudgha_miasma_corner
Depths:2: minmay_connected_boxes_in_corner, layout_cave_pools,
          grunt_hell_entry_demonic_statue, grunt_pan_entry_sceptre,
          lemuel_old_faithful, minmay_staircase_windowed_large, uniq_asterion
Depths:3: minmay_ornate_pinched, layout_honeycomb, enter_ziggurat_b,
          abyss_entry_flame_altar, small_statue_intersection, hell_entry,
          serial_shops, shop, kennysheep_little_box, shop, shop,
          minmay_pinched_square, uniq_enchantress
Depths:4: grunt_zot_entry_bicorn, layout_gridlike, hellmouth_3,
          trog_three_pillars_becter, nicolae_abyss_entry_one_way_or_another,
          minmay_hollow_rounded_squares, uniq_vv
Zot:1:    layout_onion
Zot:2:    layout_cellular_growth, uniq_parghit
Zot:3:    layout_cathedral_of_symmetry, hangedman_zot_decor_scrapings,
          uniq_tiamat
Zot:4:    layout_cellular_growth
Zot:5:    layout_concentric_octagons, st_stairs_5

Skill      XL: |  1  2  3  4  5  6  7  8  9 10 11 12 13 14 15 16 17 18 19 20 21 22 23 24 25 26 27 |
---------------+----------------------------------------------------------------------------------+-----
Stealth        | 1 2 |  2.0
Fighting       | 3 4 5 6 8 10 11 12 13 15 16 17 18 19 20 21 22 23 | 23.5
Polearms       | 4 5 6 7 8 9 10 12 13 14 | 14.0
Dodging        | 2 3 4 5 6 8 9 |  9.8
Throwing       | 1 2 10 | 10.3
Armour         | 1 2 3 5 7 8 10 11 12 13 14 15 | 15.9
Invocations    | 2 5 6 8 10 12 14 15 16 17 18 19 20 21 | 21.5
Spellcasting   | 4 5 6 8 10 12 13 14 15 16 17 18 19 20 | 20.5
Translocations | 2 3 5 6 8 10 11 12 13 14 15 16 | 16.7
Shields        | 4 8 10 11 13 14 15 16 17 18 19 20 21 | 21.3
Air Magic      | 1 2 3 4 |  4.0
Transmutations | 4 6 7 8 10 | 10.2
Evocations     | 2 |  2.0
Conjurations   | 3 6 7 8 9 |  9.7

Action                     |  1- 3 |  4- 6 |  7- 9 | 10-12 | 13-15 | 16-18 | 19-21 | 22-24 | 25-27 || total
---------------------------+-------+-------+-------+-------+-------+-------+-------+-------+-------++-------
  Melee: Spear             |   125 |       |       |       |       |       |       |       |       ||   125
         Punch             |     1 |       |       |       |       |       |       |       |       ||     1
         Lajatang          |    36 |   176 |   210 |   623 |       |       |       |       |       ||  1045
         Halberd           |       |     2 |       |       |       |       |       |       |       ||     2
         Trident           |       |       |       |     1 |       |       |       |       |       ||     1
         Trishula          |       |       |       |   101 |  1059 |  1409 |  1975 |  2336 |  2939 ||  9819
   Fire: Shortbow          |       |       |       |    23 |       |       |       |       |       ||    23
         Sling             |       |       |       |     2 |       |     5 |       |       |       ||     7
  Throw: Dart              |       |     4 |     8 |    42 |    67 |    50 |    20 |       |     1 ||   192
         Stone             |       |       |     5 |     1 |       |       |       |       |       ||     6
         Boomerang         |       |       |       |    40 |    11 |       |       |       |       ||    51
         Throwing net      |       |       |       |     1 |       |       |       |       |       ||     1
         Javelin           |       |       |       |       |       |     1 |     1 |     7 |    36 ||    45
   Cast: Momentum Strike   |     4 |    10 |    21 |    14 |       |     2 |       |       |       ||    51
         Kiss of Death     |       |       |     2 |     3 |       |       |       |       |       ||     5
         Wereblood         |       |       |       |       |    11 |    35 |    52 |    71 |    71 ||   240
         Blink             |       |       |       |       |     2 |     5 |    10 |    16 |    23 ||    56
         Vhi's Electric Ch |       |       |       |       |     2 |       |    31 |   117 |    98 ||   248
         Manifold Assault  |       |       |       |       |       |    27 |   277 |   327 |   275 ||   906
         Passwall          |       |       |       |       |       |       |       |     2 |       ||     2
         Iskenderun's Myst |       |       |       |       |       |       |       |       |    13 ||    13
         Passage of Golubr |       |       |       |       |       |       |       |       |     8 ||     8
         Apportation       |       |       |       |       |       |       |       |       |     2 ||     2
 Invoke: Upheaval          |       |       |       |     5 |     2 |     4 |    11 |     2 |    12 ||    36
         Elemental Force   |       |       |       |     1 |       |     1 |     4 |       |     1 ||     7
         Disaster Area     |       |       |       |       |       |     2 |       |       |     2 ||     4
  Evoke: Wand              |       |       |       |     5 |       |     5 |     5 |       |     7 ||    22
         Tin of tremorston |       |       |       |       |     2 |     5 |     4 |       |     1 ||    12
         Phantom mirror    |       |       |       |       |     1 |     2 |       |       |     2 ||     5
         Condenser vane    |       |       |       |       |       |     1 |     1 |     1 |     1 ||     4
         Piece from Xom's  |       |       |       |       |       |     1 |       |       |       ||     1
    Use: Scroll            |       |     5 |     7 |    10 |     3 |     2 |     2 |     2 |    21 ||    52
         Potion            |       |     1 |     8 |     6 |     1 |     4 |     2 |     1 |    10 ||    33
   Stab: Sleeping          |     4 |     2 |       |       |       |       |       |       |       ||     6
         Invisible         |       |       |     7 |    25 |     5 |    17 |     2 |     4 |     5 ||    65
         Paralysed         |       |       |       |       |       |     1 |     1 |       |     1 ||     3
         Distracted        |       |       |       |       |       |     1 |       |       |     1 ||     2
         Confused          |       |       |       |       |       |       |       |       |     3 ||     3
 Armour: Robe              |    48 |    62 |    35 |       |       |       |    76 |       |       ||   221
         Steam dragon scal |       |       |    36 |   152 |       |       |       |       |       ||   188
         Acid dragon scale |       |       |       |    75 |    89 |   122 |       |       |       ||   286
         Swamp dragon scal |       |       |       |       |       |    12 |    37 |       |       ||    49
         Shadow dragon sca |       |       |       |       |       |       |    59 |   329 |   243 ||   631
         Gold dragon scale |       |       |       |       |       |       |       |       |   383 ||   383
  Dodge: Dodged            |    65 |   127 |   179 |   877 |   224 |   319 |   260 |   298 |   284 ||  2633
         Repelled          |       |       |       |     1 |    11 |    35 |    20 |    14 |    21 ||   102
  Block: Other             |       |       |     5 |   156 |       |       |       |       |       ||   161
         Kite shield       |       |       |       |    47 |   476 |   899 |   853 |  1136 |  2687 ||  6098

Table legend: (Time is in decaauts)
 A = Elapsed time spent in this place.
 B = Non-inter-level travel time spent in this place.
 C = Inter-level travel time spent in this place.
 D = Time resting spent in this place.
 E = Time spent auto-exploring this place.
 F = Levels seen in this place.
 G = Mean time per level.
                   A        B        C        D        E       F      G
               +--------+--------+--------+--------+--------+-----+--------+
         Total |  83658 |  77832 |   5826 |  25599 |  28861 |  56 | 1493.9 |
       Dungeon |  20151 |  18078 |   2073 |   5328 |   8052 |  15 | 1343.4 |
        Temple |    149 |    140 |      9 |      0 |    133 |   1 |  149.0 |
          Lair |   6705 |   5890 |    815 |   1198 |   3179 |   5 | 1341.0 |
         Swamp |   4472 |   4111 |    361 |   1316 |   1650 |   4 | 1118.0 |
     Snake Pit |   8179 |   7809 |    370 |   3078 |   2488 |   4 | 2044.8 |
  Orcish Mines |   2585 |   2431 |    154 |    725 |   1014 |   2 | 1292.5 |
   Elven Halls |   4453 |   4295 |    158 |   1243 |   1439 |   3 | 1484.3 |
        Vaults |  12058 |  10933 |   1125 |   3248 |   4301 |   5 | 2411.6 |
         Crypt |   4506 |   4359 |    147 |   1053 |   1816 |   3 | 1502.0 |
        Depths |   9310 |   8993 |    317 |   4189 |   2556 |   4 | 2327.5 |
           Zot |   6466 |   6173 |    293 |   1819 |   1795 |   5 | 1293.2 |
        Bazaar |     86 |     86 |      0 |      0 |      2 |   1 |   86.0 |
         Trove |    174 |    174 |      0 |      0 |     88 |   1 |  174.0 |
        Bailey |   1629 |   1629 |      0 |    963 |     39 |   1 | 1629.0 |
        Wizlab |   1306 |   1306 |      0 |    634 |    309 |   1 | 1306.0 |
      Gauntlet |   1421 |   1421 |      0 |    802 |      0 |   1 | 1421.0 |
               +--------+--------+--------+--------+--------+-----+--------+

Top non-repeatable levels by time:
Vaults:4: 3814 daAuts
Depths:3: 2980 daAuts
Depths:4: 2965 daAuts
 Snake:3: 2928 daAuts
Vaults:2: 2816 daAuts
 Snake:4: 2454 daAuts
     D:9: 2373 daAuts
Vaults:3: 2143 daAuts
  Lair:3: 2002 daAuts
Vaults:1: 1987 daAuts
 Crypt:3: 1919 daAuts
    D:10: 1895 daAuts
   Zot:1: 1887 daAuts
Depths:1: 1770 daAuts
   Elf:2: 1658 daAuts
